AoeStats
← Sealion42

Arena

510305312Analyzed
2v2 RM · 2d ago on Sep 30, 2026· 31m 4s· 4 players
Game mode
Random Map
Map size
Medium (4 player)
Population
200
Speed
Normal
Resources
Standard
Victory
Conquest
Starting age
Dark Age
Ending age
Imperial Age
RankedLock teamsTeams togetherTeam positionsShared explorationLock speedFull tech treeHidden civsTurbo modeCheats
Victory
Defeat
🇹🇼 Bohemians · Taiwan
1335
+11
🇹🇼 Poles · Taiwan
1242
+15
🇹🇷 Spanish · Türkiye
1229
-13
🇺🇦 Malay · Ukraine
1226
-13
Sealion42
8:32 Loom
10:18 Feudal Age
10:35 Horse Collar
10:43 Double-Bit Axe
13:38 Wheelbarrow
16:52 Castle Age
15:57 Town Watch
17:04 Bow Saw
17:44 Heavy Plow
17:57 Stone Mining
23:56 Hand Cart
29:40 Imperial Age
30:20 Scale Barding Armor
30:25 Forging
30:40 Husbandry
GANZA
2:14 Loom
2:39 Loom
11:19 Feudal Age
18:20 Castle Age
16:47 Double-Bit Axe
16:44 Horse Collar
18:52 Forging
18:48 Scale Barding Armor
Not.MbL
10:47 Feudal Age
14:49 Castle Age
12:50 Double-Bit Axe
13:38 Horse Collar
16:11 Bow Saw
19:19 Wheelbarrow
21:12 Hand Cart
23:03 Heavy Plow
25:11 Gold Mining
25:12 Stone Mining
25:56 Loom
30:05 Imperial Age
27:21 Town Watch
28:19 Stone Shaft Mining
28:38 Treadmill Crane
28:52 Crossbowman
29:52 Thumb Ring
30:04 Bloodlines
29:54 Husbandry
29:16 Light Cavalry
30:20 Winged Hussar
32:03 Ballistics
32:44 Chemistry
Not.Liereyy
11:13 Feudal Age
14:49 Castle Age
12:55 Double-Bit Axe
13:33 Horse Collar
16:51 Wheelbarrow
16:37 Bow Saw
18:47 Loom
21:20 Town Watch
26:49 Imperial Age
26:21 Chemistry
28:08 Fletching
30:39 Two-Man Saw
30:25 Conscription
30:35 Elite Hussite Wagon
Connection lost

Rejoining the realm…

Still unreachable

The connection could not be restored.

Session expired

The server has moved on; the page needs a fresh start.